 Dungeon Crawl Stone Soup version 0.21-a0-414-gba8bdf1 (webtiles) character file.

138 sagitran the Chucker (level 5, -1/42 HPs)
             Began as an Ogre Hunter on Nov 2, 2017.
             Slain by sagitran's ghost (6 damage)
             ... on level 3 of the Dungeon.
             The game lasted 00:11:16 (4083 turns).

sagitran the Chucker (Ogre Hunter)                  Turns: 4083, Time: 00:11:16

Health: -1/42      AC:  2    Str: 17    XL:     5   Next: 21%
Magic:  5/5        EV: 12    Int: 12    God:
Gold:   159        SH:  0    Dex:  9    Spells: 4/4 levels left

rFire    . . .     SeeInvis .   i - +0 flail
rCold    . . .     Gourm    .   (no shield)
rNeg     . . .     Faith    .   b - +0 robe
rPois    .         Spirit   .   (helmet restricted)
rElec    .         Reflect  .   (no cloak)
rCorr    .         Harm     .   (gloves unavailable)
MR       .....                  (boots unavailable)
Stlth    +.........             (no amulet)
HPRegen  0.14/turn              (no ring)
MPRegen  0.09/turn              (no ring)

@: no status effects
A: unfitting armour, repulsion field 1, deformed body, frail 2, tough skin 1
a: no special abilities


You were on level 3 of the Dungeon.
You were hungry.

You visited 1 branch of the dungeon, and saw 3 of its levels.

You collected 159 gold pieces.

Inventory:

Hand Weapons
 a - a +0 short sword
 g - a +0 club
 i - a +0 flail (weapon)
Armour
 b - a +0 robe (worn)
Jewellery
 n - an uncursed ring of protection from cold {unknown}
Wands
 r - a wand of clouds (4/9)
Scrolls
 c - a scroll of remove curse
 h - 2 scrolls of identify
 m - 2 scrolls of recharging
 s - a scroll of teleportation
 u - a scroll of magic mapping {unknown}
Potions
 o - a potion of agility {unknown}
 p - a potion of flight {unknown}
Comestibles
 f - 2 bread rations
 l - a fruit


   Skills:
 + Level 3.4 Fighting
 + Level 2.0 Maces & Flails
 + Level 4.8 Throwing
 + Level 2.6 Dodging
 + Level 1.2 Stealth


You had 4 spell levels left.
You didn't know any spells.

Dungeon Overview and Level Annotations

Branches:
Dungeon (3/15)

Altars:
Nemelex Xobeh

Annotations:
D:3 sagitran's ghost, amateur OgHu


Innate Abilities, Weirdness & Mutations

You are too large for most types of armour.
You have tough skin. (AC +1)
You are surrounded by a mild repulsion field. (EV +2)
Armour fits poorly on your strangely shaped body.
You are very frail. (-20% HP)


Message History

You hit sagitran's ghost.
Sagitran's ghost is almost destroyed.
Sagitran's ghost hits you. x2
* * * LOW HITPOINT WARNING * * *
It was a potion of mutation.
You feel extremely strange.
You feel frail. x2; Your body twists and deforms.
You begin to radiate repulsive energy.
Sagitran's ghost barely misses you.
You hit sagitran's ghost but do no damage.
Sagitran's ghost is almost destroyed.
Sagitran's ghost hits you.
* * * LOW HITPOINT WARNING * * *
You miss sagitran's ghost.
Sagitran's ghost is almost destroyed.
Sagitran's ghost hits you.
* * * LOW HITPOINT WARNING * * *
You miss sagitran's ghost.
Sagitran's ghost is almost destroyed.
Sagitran's ghost hits you.
You die...

## ... #########
....########.......#####
#.......##.###........
###..........# #.#.#####
.......@.....###.#.#
.#...#.W......##.#.#
..###.......#......#
#..........#.#..#
#................#
##......##.####..#
##.>(###..# #..# ...##
#.## .... #. .####


You could see sagitran's ghost.

Vanquished Creatures
  An orc wizard (D:2)
  3 adders (D:2)
  An ooze (D:1)
  2 worms (D:2)
  3 dart slugs
  3 leopard geckos (D:1)
  3 orcs (D:2)
  2 giant cockroaches
  6 goblins
  5 hobgoblins
  6 jackals
  A quokka (D:2)
  8 bats
  5 frilled lizards (D:1)
  A jackal skeleton (D:2)
  5 kobolds
  9 rats
64 creatures vanquished.

Notes
Turn   | Place    | Note
-------+----------+-------------------------------------------
     0 | D:1      | sagitran the Ogre Hunter began the quest for the Orb.
     0 | D:1      | Reached XP level 1. HP: 22/22 MP: 1/1
   422 | D:1      | Reached XP level 2. HP: 29/29 MP: 2/2
   735 | D:1      | HP: 1/29 [jackal (2)]
   748 | D:1      | Reached XP level 3. HP: 13/36 MP: 3/3
  1828 | D:2      | Reached XP level 4. HP: 23/45 MP: 4/4
  2013 | D:2      | Reached skill level 1 in Maces & Flails
  3110 | D:2      | Reached skill level 1 in Stealth
  3110 | D:2      | Reached XP level 5. HP: 20/53 MP: 5/5
  3728 | D:3      | Found a sparkling altar of Nemelex Xobeh.
  3790 | D:3      | Noticed sagitran's ghost (amateur OgHu)
  4080 | D:3      | Gained mutation: You are frail. (-10% HP) [potion of mutation]
  4080 | D:3      | Gained mutation: You are very frail. (-20% HP) [potion of mutation]
  4080 | D:3      | Gained mutation: Armour fits poorly on your strangely shaped body. [potion of mutation]
  4080 | D:3      | Gained mutation: You are surrounded by a mild repulsion field. (EV +2) [potion of mutation]
  4083 | D:3      | Slain by sagitran's ghost

Vault maps used:
D:1:      dpeg_arrival_pond
D:2:      grunt_decor_arrowhead
D:3:      minmay_overflow_temple_star_quad, portal_sewer_entry_f

Skill      XL: |  1  2  3  4  5 |
---------------+----------------+-----
Dodging        | 2 |  2.6
Fighting       | 3 |  3.4
Maces & Flails | 1 2 |  2.0
Stealth        | 1 |  1.2
Throwing       | |  4.8

Action                   |  1- 3 |  4- 6 || total
-------------------------+-------+-------++-------
Melee: Unarmed           |    24 |       ||    24
       Club              |   147 |    61 ||   208
       Flail             |       |    65 ||    65
Throw: Large rock        |    13 |     5 ||    18
       Throwing net      |     2 |     1 ||     3
       Javelin           |       |     3 ||     3
  Use: Potion            |     1 |     2 ||     3
       Scroll            |       |     3 ||     3
 Stab: Sleeping          |       |     1 ||     1
  Eat: Chunk             |     2 |     5 ||     7
       Fruit             |     1 |     2 ||     3
Armor: Robe              |    75 |    39 ||   114
Dodge: Dodged            |   157 |    89 ||   246

Table legend:
 A = Spawn XP
 B = Non-spawn XP
 C = Spawn XP percentage of total XP
 D = Spawn monster count
 E = Non-spawn monster count
 F = Spawn count percentage of total count
 G = Total turns spent on level
                    A         B        C        D         E        F      G
               +---------+---------+-------+---------+---------+-------+---------
         Total |       0 |     198 |   0.0 |       0 |      64 |   0.0 |  4083
               +---------+---------+-------+---------+---------+-------+---------
           D:1 |       0 |      59 |   0.0 |       0 |      29 |   0.0 |  1573
           D:2 |       0 |     139 |   0.0 |       0 |      35 |   0.0 |  2411
               +---------+---------+-------+---------+---------+-------+---------
